 Dungeon Crawl Stone Soup version 0.17.0-24-gcfadda4 (console) character file.

935 Kloppie the Covered (level 7, -4/66 HPs)
             Began as a Deep Dwarf Venom Mage on Nov 15, 2015.
             Was an Initiate of Sif Muna.
             Slain by an ogre
             ... wielding a +0 giant club
              (25 damage)
             ... on level 6 of the Dungeon.
             The game lasted 00:17:34 (6108 turns).

Kloppie the Covered (Deep Dwarf Venom Mage)         Turns: 6108, Time: 00:17:34

Health: -4/66      AC:  7    Str: 12    XL:     7   Next: 87%
Magic:  7/7        EV: 12    Int: 17    God:    Sif Muna [......]
Gold:   306        SH:  0    Dex: 13    Spells: 1 memorised, 8 levels left

rFire  . . .     SeeInvis .     u - +1 war axe
rCold  + . .     Clarity  .     q - +1 ring mail
rNeg   . . .     SustAt   .     (no shield)
rPois  .         Gourm    .     (no helmet)
rElec  .         Spirit   .     (no cloak)
rCorr  +         Warding  .     (no gloves)
rMut   .         Stasis   .     (no boots)
MR     +....                    f - amulet of resist corrosion
Stlth  +.........               (no ring)
                                j - ring of protection from cold

@: non-regenerating, somewhat resistant to hostile enchantments, very unstealthy
A: damage resistance, recharge devices, sense surroundings 1, slow regeneration
3
a: Device Recharging, Renounce Religion


You were on level 6 of the Dungeon.
You worshipped Sif Muna.
Sif Muna was noncommittal.
You were not hungry.

You visited 2 branches of the dungeon, and saw 7 of its levels.
You also visited: Sewer.

You collected 306 gold pieces.

Inventory:

Hand Weapons
 s - a +1 short sword of venom
 u - a +1 war axe (weapon)
Armour
 a - a +0 robe
 q - a +1 ring mail (worn)
Jewellery
 f - an amulet of resist corrosion (around neck)
 j - a ring of protection from cold (left hand)
Wands
 c - a wand of heal wounds (3)
Scrolls
 g - 2 scrolls of fog
 n - 2 scrolls of recharging
 v - 2 scrolls of remove curse
 w - a scroll of teleportation
 x - 2 scrolls of enchant armour
 y - 2 scrolls of enchant weapon
 E - 2 scrolls of identify
Potions
 k - 4 potions of lignification
 l - 6 potions of curing
 m - 3 potions of flight
 o - a potion of invisibility
 p - a potion of haste
 t - a potion of cancellation {unknown}
 A - a potion of poison {unknown}
 B - a potion of degeneration {unknown}
 D - a potion of magic {unknown}
Books
 b - a Young Poisoner's Handbook

   Spells                             Type                      Level
   a - Sting                          Conjuration/Poison           1
   b - Cure Poison                    Poison                       2
   c - Mephitic Cloud                 Conjuration/Poison/Air       3
   d - Olgreb's Toxic Radiance        Poison                       4
   e - Venom Bolt                     Conjuration/Poison           5
Comestibles
 d - 8 bread rations
 h - 2 meat rations
 i - 2 beef jerkies
 r - 3 fruits


   Skills:
 + Level 4.4 Fighting
 + Level 5.0 Armour
 - Level 4.9 Dodging
 - Level 2.4 Stealth
 - Level 1.7 Spellcasting
 + Level 3.2 Conjurations
 - Level 3.2 Poison Magic


You had 8 spell levels left.
You knew the following spells:

 Your Spells              Type           Power        Failure   Level  Hunger
a - Sting                 Conj/Pois      ##..         12%         1    #......


Dungeon Overview and Level Annotations

Branches:
Dungeon (6/15)             Temple (1/1) D:4

Altars:
Ashenzari
Dithmenos
Gozag
Kikubaaqudgha
Makhleb
Nemelex Xobeh
Okawaru
Ru
Sif Muna
Trog
Xom
Yredelemnul
Zin
The Shining One

Annotations:
D:3 1 runed door


Innate Abilities, Weirdness & Mutations

You are resistant to damage.
You can recharge devices by infusing magical energy.
You passively map a small area around you.
You do not regenerate naturally.


Message History

You slash the orc wizard!
You kill the orc wizard!
Things that are here:
a dagger; a robe As you open the door, it creaks loudly!
Found a glowing silver altar of Zin.
There is an open door here.
There is a glowing silver altar of Zin here.
There is an open door here.
Found 17 sling bullets.
Found a stone staircase leading up.
An ogre comes into view. It is wielding a giant club.
You hit the ogre.
The ogre is moderately wounded.
The ogre hits you with a giant club!!
* * * LOW HITPOINT WARNING * * *
You hit the ogre.
The ogre is moderately wounded.
The ogre hits you with a giant club!!
You die...

####### #########
......## #.......#
.......####.#### .#
.8.8..#........# .#
.....8..###<##.#*.#
..).....# #.##.##O#
##'##..## #.....@.#
* #._.##.#
#.........#
#####..#
#.#..##.#.#
......### #.#..# .#
# ..#.....#
#.#...,.# .##.....#
,#.## .#, .##.....#
.. .# .##.....# ##.
.. .##(....#


You could see an ogre.

Vanquished Creatures
  2 phantoms
  An ogre (D:4)
  A big kobold (Sewer)
  A crimson imp (D:6)
  A giant frog zombie (D:5)
  A centaur zombie (D:4)
  A worker ant (D:5)
  A centaur skeleton (D:4)
  2 orc priests
  2 hounds (D:5)
  3 orc wizards
  5 gnolls
  A worker ant zombie (D:5)
  10 adders
  An adder skeleton (D:4)
  4 worms
  2 giant geckos
  6 orcs
  4 giant cockroaches
  11 hobgoblins
  7 jackals
  3 quokkas
  5 ball pythons
  7 bats
  7 giant newts
  7 goblins
  2 jackal skeletons (D:4)
  17 kobolds
  A quokka skeleton (D:4)
  A quokka zombie (D:5)
  12 rats
  A spectral orc (D:3)
130 creatures vanquished.

Vanquished Creatures (others)
  5 sheep (D:3)
5 creatures vanquished.

Grand Total: 135 creatures vanquished

Notes
Turn   | Place    | Note
--------------------------------------------------------------
     0 | D:1      | Kloppie the Deep Dwarf Venom Mage began the quest for the Orb.
     0 | D:1      | Reached XP level 1. HP: 15/15 MP: 3/3
   148 | D:1      | Reached skill level 1 in Conjurations
   148 | D:1      | Reached XP level 2. HP: 16/24 MP: 0/4
   856 | D:1      | Reached skill level 1 in Fighting
   856 | D:1      | Reached XP level 3. HP: 16/31 MP: 1/5
  1825 | D:2      | Found a bloodstained altar of Trog.
  2060 | D:2      | Found a glowing golden altar of the Shining One.
  2081 | D:2      | Reached skill level 1 in Armour
  2081 | D:2      | Reached XP level 4. HP: 38/38 MP: 2/6
  2460 | D:3      | Found a basalt altar of Yredelemnul.
  2540 | D:3      | Found a faded altar to an unknown god.
  2619 | D:3      | Found a shimmering altar of Xom.
  2785 | D:3      | Found a glowing silver altar of Zin.
  2785 | D:3      | Noticed an angel
  2786 | D:3      | Found a runed door.
  2911 | D:3      | Reached XP level 5. HP: 36/45 MP: 5/7
  3118 | D:4      | Noticed an ogre
  3127 | D:4      | Killed an ogre
  3127 | D:4      | Reached skill level 4 in Dodging
  3369 | D:4      | Found a staircase to the Ecumenical Temple.
  3374 | Temple   | Entered the Ecumenical Temple
  3539 | Temple   | Became a worshipper of Sif Muna the Loreminder
  3710 | D:4      | Reached XP level 6. HP: 45/55 MP: 4/8
  4557 | D:4      | Found a sparkling altar of Nemelex Xobeh.
  4598 | D:4      | Noticed a phantom
  4685 | D:4      | Killed a phantom
  4786 | D:5      | Entered Level 5 of the Dungeon
  4832 | D:5      | Reached XP level 7. HP: 48/62 MP: 8/8
  5122 | D:5      | Found a glowing drain.
  5129 | Sewer    | Entered a sewer
  5999 | D:6      | HP: 3/66 [orc/flail (6)]
  6006 | D:6      | Reached skill level 5 in Armour
  6078 | D:6      | Found a glowing silver altar of Zin.
  6108 | D:6      | Slain by an ogre

Action                   |  1- 3 |  4- 6 |  7- 9 || total
-------------------------+-------+-------+-------++-------
Melee: Club              |    40 |       |       ||    40
       Unarmed           |     1 |       |       ||     1
       Short sword       |    17 |       |       ||    17
       War axe           |     3 |   169 |   153 ||   325
       Mace              |     2 |       |       ||     2
 Cast: Sting             |    62 |    54 |    10 ||   126
 Abil: Device Recharging |       |     1 |     1 ||     2
Evoke: Wand              |     1 |     7 |     7 ||    15
  Use: Scroll            |       |       |    14 ||    14
       Potion            |       |       |     2 ||     2
 Stab: Sleeping          |     2 |       |     1 ||     3
  Eat: Chunk             |     5 |    10 |     6 ||    21
